Map: Thunderbird LE

Players

Mez - Winner!

  • Race: Terran Terran
  • League: Master
  • Spawn Location: 11:00

Stukov

  • Race: Terran Terran
  • League: Diamond
  • Spawn Location: 5:00

VOD

Have the link to the VOD?

Description

Time

  • Played on: Aug. 30, 2019, 5:50 a.m.
  • Length: 12:07
Show
View Real Time Build Order
Export as new Build Order

Mez Terran - Winner!

Build Orders:  

Get SALT Encoding   

  12  0:00  SCV  
  13  0:12  SCV  
  14  0:17  Supply Depot  
  14  0:25  SCV  
  15  0:28  Refinery  
  15  0:38  SCV  
  16  0:44  Barracks  
  16  0:51  SCV  
  17  1:05  SCV  
  18  1:17  SCV  
  21  1:32  Reaper  
  21  1:34  Orbital Command  
  20  1:47  Command Center  
  20  2:01  SCV, Factory  
  20  2:06  Barracks Reactor  
  21  2:15  Supply Depot  
  21  2:17  SCV  
  21  2:21  Refinery  
  22  2:30  SCV  
  23  2:42  SCV  
  24  2:52  Starport  
  24  2:54  SCV  
  25  2:59  Barracks Tech Lab  
  25  3:11  SCV, Orbital Command  
  26  3:13  Hellion x2  
  28  3:23  SCV, Marauder, Concussive Shells  
  31  3:35  SCV, Medivac  
  31  3:36  Hellion  
  31  3:39  Hellion  
  38  3:49  SCV x2  
  38  3:51  Marauder  
  42  3:56  Supply Depot  
  42  4:01  Hellion  
  42  4:02  Hellion  
  46  4:17  SCV x2, Viking  
  46  4:22  Supply Depot  
  50  4:30  SCV x2  
  52  4:40  Marine x2  
  52  4:44  Cyclone, SCV x2  
  55  4:56  SCV x2  
  45  5:08  SCV x2  
  45  5:11  Refinery  
  45  5:13  Starport Tech Lab  
  45  5:14  Marine x2  
  45  5:16  Siege Tank, Command Center  
  45  5:21  Barracks x2  
  50  5:25  SCV x2  
  52  5:32  Barracks  
  52  5:33  Supply Depot  
  52  5:34  Barracks  
  52  5:39  SCV x2  
  52  5:42  Marine x2  
  56  5:43  Raven  
  58  5:52  Siege Tank  
  58  5:53  Refinery  
  61  6:01  SCV x2  
  61  6:02  Marine x2  
  65  6:09  Supply Depot  
  65  6:10  Engineering Bay  
  65  6:11  Barracks Reactor x2  
  65  6:12  Engineering Bay  
  65  6:17  SCV x2  
  67  6:22  Barracks Reactor x2  
  67  6:29  Siege Tank, SCV x2  
  72  6:34  Stimpack  
  72  6:37  Marine  
  73  6:40  Viking  
  73  6:41  SCV x2, Viking  
  78  6:51  Marine x4  
  81  6:55  Marine  
  81  7:01  SCV x2  
  84  7:09  Marine  
  84  7:11  Orbital Command  
  85  7:23  Supply Depot  
  85  7:25  Siege Tank, SCV x2, Supply Depot  
  85  7:26  Supply Depot  
  90  7:33  Terran Infantry Armor Level 1, Terran Infantry Weapons Level 1  
  90  7:37  SCV x2  
  92  7:44  Viking x2  
  92  7:48  Supply Depot  
  92  7:49  Marine, Supply Depot  
  92  7:50  Marine x2  
  99  7:53  SCV x3  
  99  7:55  Marine x2  
  104  8:01  Siege Tank  
  104  8:05  SCV x2  
  109  8:06  SCV  
  109  8:08  Refinery  
  109  8:09  Marine, Refinery  
  109  8:10  Marine x2  
  113  8:17  SCV, Medivac  
  113  8:18  Medivac  
  118  8:23  SCV  
  118  8:24  SCV  
  120  8:33  Marine x7  
  127  8:43  Combat Shield  
  127  8:48  Armory  
  127  8:49  Marine, Supply Depot  
  127  8:50  Marine x2, Supply Depot  
  127  8:51  Siege Tank  
  127  8:52  Supply Depot  
  127  8:53  Supply Depot  
  133  9:10  Marine x3, Medivac x2  
  138  9:19  SCV x2  
  138  9:20  SCV  
  141  9:31  Marine x8, SCV  
  141  9:36  SCV x2  
  152  9:44  SCV  
  109  10:02  Marine  
  109  10:03  Marine x8  
  109  10:04  Siege Tank  
  121  10:08  Factory  
  121  10:11  Barracks  
  121  10:12  Barracks  
  121  10:13  Command Center  
  119  10:15  Barracks  
  119  10:20  Marine x3  
  119  10:21  Marine x2  
  124  10:32  Marine x3  
  127  10:36  Siege Tank, Supply Depot x3  
  127  10:40  Marine x5, Command Center  
  135  10:53  Marine x4  
  139  10:58  Marine x4  
  139  11:04  Marine x4  
  143  11:11  Marine x4  
  147  11:16  Marine x4  
  147  11:17  Factory Tech Lab, Siege Tank  
  156  11:19  Medivac x2  
  156  11:31  Marine  
  156  11:32  Marine  
  156  11:33  Barracks Reactor x3  
  146  11:41  Missile Turret  
  146  11:42  Missile Turret x2  
  146  11:43  Missile Turret  
  146  11:44  Missile Turret  
  146  11:45  Missile Turret  
  146  11:47  Missile Turret  
  146  11:48  Marine x2  
  146  11:49  Marine x4  
  146  11:50  Missile Turret  
  146  11:51  Refinery  
  156  11:59  Refinery  
Show
View Real Time Build Order
Export as new Build Order

Stukov Terran 

Build Orders: Gas First Reaper Expand 

Get SALT Encoding   

  12  0:03  SCV  
  13  0:15  SCV  
  13  0:17  Supply Depot  
  14  0:27  SCV  
  15  0:32  Refinery  
  15  0:39  SCV  
  16  0:46  Barracks  
  16  0:51  SCV  
  17  1:03  SCV  
  18  1:16  SCV  
  19  1:32  Orbital Command  
  19  1:33  Reaper  
  20  1:47  Command Center  
  20  1:57  Factory  
  20  1:59  SCV  
  21  2:05  Refinery  
  21  2:14  Barracks Reactor  
  21  2:16  SCV  
  22  2:28  SCV  
  22  2:38  Supply Depot  
  21  2:45  Hellion  
  23  2:52  Marine  
  23  3:06  Marine  
  22  3:14  SCV  
  22  3:15  Factory Tech Lab  
  23  3:30  Marine x2, SCV  
  26  3:35  Cyclone  
  29  3:46  SCV, Orbital Command  
  29  3:48  Marine x2  
  30  3:51  Starport  
  32  3:58  SCV  
  33  4:06  Marine x2  
  33  4:09  Cyclone  
  38  4:10  SCV  
  38  4:12  SCV  
  40  4:22  SCV  
  42  4:24  SCV  
  42  4:35  Viking  
  42  4:36  Marine x2  
  44  4:39  SCV x2  
  43  4:58  Marine x2, SCV x2  
  40  5:10  SCV x2  
  40  5:11  Medivac  
  44  5:16  Marine x2  
  44  5:20  Barracks  
  46  5:22  Barracks  
  46  5:26  Command Center  
  46  5:38  Supply Depot  
  46  5:40  Supply Depot x2  
  46  5:41  Starport Reactor  
  46  6:00  Marine x2, Siege Tank, SCV x2  
  50  6:10  Barracks Tech Lab  
  50  6:11  Barracks Tech Lab  
  50  6:12  SCV x2  
  52  6:22  Viking x2  
  52  6:24  SCV  
  57  6:27  Marine x2  
  57  6:29  SCV  
  57  6:32  Siege Tank  
  63  6:36  SCV  
  64  6:41  SCV  
  64  6:43  Marine x2  
  64  6:45  Marine  
  64  6:46  Stimpack, Combat Shield  
  68  6:53  SCV  
  68  6:54  Orbital Command  
  65  7:02  Marine x3  
  65  7:03  Marine  
  65  7:04  Siege Tank  
  65  7:05  Viking x2  
  65  7:06  SCV x2  
  73  7:17  Engineering Bay x2  
  73  7:18  SCV x2  
  73  7:19  Refinery x2  
  75  7:23  SCV  
  75  7:24  Marine x4  
  80  7:30  SCV x2  
  80  7:35  SCV, Supply Depot  
  80  7:36  Supply Depot  
  83  7:40  Supply Depot  
  83  7:41  Marine x2  
  85  7:45  Terran Infantry Weapons Level 1  
  85  7:46  Terran Infantry Armor Level 1  
  85  7:56  Marine x2, SCV x3  
  85  7:57  Siege Tank  
  93  7:59  Marine x2  
  95  8:07  Viking  
  95  8:08  SCV x3  
  95  8:10  Viking  
  102  8:19  Marine x3  
  104  8:23  Refinery  
  102  8:42  Marine x3  
  102  8:43  Barracks Reactor  
  105  8:48  Siege Tank  
  105  8:50  Barracks, Factory  
  105  8:51  Barracks  
  108  8:59  Marine  
  109  9:03  Marine  
  109  9:18  Viking  
  109  9:22  Supply Depot x2  
  109  9:23  Supply Depot  
  109  9:24  Armory  
  109  9:26  Liberator  
  109  9:41  SCV  
  109  9:42  SCV  
  109  9:43  SCV  
  109  9:44  Siege Tank  
  99  9:48  Viking  
  87  9:55  Marine x4  
  91  10:06  SCV x3  
  88  10:10  Marine  
  88  10:12  Marine  
  88  10:13  Barracks Reactor x2  
  90  10:16  Siege Tank  
  90  10:18  Viking  
  95  10:21  Marine x2  
  95  10:22  Marine  
  95  10:26  Viking  
  95  10:28  SCV x3  
  102  10:29  Refinery  
  102  10:30  Command Center  
  103  10:35  Barracks x2  
  103  10:37  Barracks  
  103  10:42  Siege Tank  
  106  10:43  SCV x3  
  109  10:50  Viking  
  109  10:55  SCV x2  
  112  11:08  Marine x4  
  112  11:09  Marine x5  
  112  11:26  Marine x2  
Tags
 
Add a new tag
Caveats
  • Supply blocks, unpowered buildings, or Contaminate may cause inaccurate times.
  • Supply counts are checked every 10 seconds.